 Dungeon Crawl Stone Soup version 0.27.0-1-g7a089689b8 (webtiles) character file.

Game seed: 8810842019208610102

39498 Leibowitz the Impaler (level 14, -2/107 HPs)
             Began as a Merfolk Berserker on Aug 7, 2021.
             Was a High Priest of Trog.
             Shot with an arrow by a centaur warrior (17 damage)
             ... on level 11 of the Dungeon.
             The game lasted 00:42:48 (17907 turns).

Leibowitz the Impaler (Merfolk Berserker)          Turns: 17907, Time: 00:42:50

Health: -2/107     AC: 22    Str: 27    XL:     14   Next: 6%
Magic:  14/14      EV: 21    Int:  9    God:    Trog [*****.]
Gold:   2063       SH:  5    Dex: 13    Spells: 13/13 levels left

rFire    + . .     SeeInvis .   b - +5 bardiche (vorpal)
rCold    + . .     Faith    .   (shield currently unavailable)
rNeg     . . .     Spirit   .   s - +3 ring mail {rF+}
rPois    .         Reflect  +   w - +4 helmet "Tuos" {Str+4 Int+3}
rElec    .         Harm     .   c - +0 cloak
rCorr    .         Rampage  ∞   r - +1 pair of gloves
Will     +....     Clarity  +   H - +3 pair of seven-league boots {Rampage+∞}
Stlth    +.........             L - amulet of reflection
HPRegen  0.00/turn              h - +4 ring of slaying
MPRegen  0.14/turn              B - +4 ring of evasion

@: on berserk cooldown, inhibited regen, slowed, very slow
A: (nimble swimmer 2), mertail, clarity, cold resistance 1, frail 1, inhibited
regeneration
a: Renounce Religion, Berserk, Trog's Hand, Brothers in Arms


You were on level 11 of the Dungeon.
You worshipped Trog.
Trog was extremely pleased with you.
You visited 5 branches of the dungeon, and saw 19 of its levels.
You also visited: Volcano.

You collected 2063 gold pieces.

Inventory:

Hand Weapons
 a - a +0 vampiric trident
 b - a +5 vorpal bardiche (weapon)
 z - the +6 dagger "Sunloul" {drain, *Noise Dex+2 Stlth+}
   (You took it off a gnoll sergeant on level 7 of the Dungeon)

   A truly terrible weapon, it drains the life of any living foe it strikes.
   Dex:       It affects your dexterity (+2).
   *Noise:    It may make noises in combat.
   Stlth:     It makes you more stealthy.
 F - the +8 war axe of Usieke {speed, Will+}
   (You found it on level 10 of the Dungeon)

   Attacks with this weapon are significantly faster.
   Will:      It increases your willpower.
Missiles
 C - a curare-tipped dart (quivered)
Armour
 c - a +0 cloak (worn)
 p - a +1 helmet of see invisible
 r - a +1 pair of gloves (worn)
 s - a +3 ring mail of fire resistance (worn)
 w - the +4 helmet "Tuos" (worn) {Str+4 Int+3}
   (You found it on level 4 of the Lair of Beasts)

   Str:       It affects your strength (+4).
   Int:       It affects your intelligence (+3).
 E - a +2 robe of positive energy
 H - the +3 pair of seven-league boots (worn) {Rampage+∞}
   (You found it on level 1 of the Lair of Beasts)

   Its wearer moves as far as possible in that direction when moving towards
   enemies.
Jewellery
 h - a +4 ring of slaying (left hand)
 B - a +4 ring of evasion (right hand)
 G - a ring of see invisible
 L - an amulet of reflection (around neck)
Wands
 g - a wand of digging (5)
 m - a wand of mindburst (50)
 t - a wand of polymorph (4)
 x - a wand of flame (17)
 y - a wand of iceblast (4)
Scrolls
 d - 4 scrolls of teleportation
 e - 3 scrolls of enchant armour
 i - 2 scrolls of enchant weapon
 q - 9 scrolls of identify
 u - a scroll of holy word
 D - a scroll of fog
 I - a scroll of magic mapping
 K - a scroll of fear
Potions
 f - 3 potions of curing
 k - 2 potions of haste
 l - 5 potions of heal wounds
 n - 2 potions of lignification
 o - 3 potions of might
 v - 6 potions of flight
 A - 5 potions of cancellation
Miscellaneous
 j - a condenser vane (inert)


   Skills:
 * Level 13.7 Fighting
 * Level 20.5 Polearms
 + Level 5.1 Armour
 * Level 14.1 Dodging
 + Level 2.4 Shields


You had 13 spell levels left.
You didn't know any spells.
Your spell library was empty.

Dungeon Overview and Level Annotations

Branches:
Dungeon (11/15)            Temple (1/1) D:6            Lair (5/6) D:9
  Swamp (1/4) Lair:2        Snake (1/4) Lair:2      Volcano (visited)
  Slime: Lair:5-6       Orc: D:9-12

Altars:
Dithmenos
Gozag
Kikubaaqudgha
Makhleb
Nemelex Xobeh
Okawaru
Sif Muna
Uskayaw
Xom
The Shining One

Shops:
D:2 *

Annotations:
Lair:5 2 transporters, Plazmod's ghost, journeyman DECj


Innate Abilities, Weirdness & Mutations

((You are quick and stealthy near water. (Stealth+, EV+, Speed+++)))
Your lower body shifts to a powerful aquatic tail in water.
You possess an exceptional clarity of mind.
Your flesh is cold resistant. (rC+)
You are frail. (-10% HP)
You do not regenerate when monsters are visible.


Message History

You feel yourself slow down. Something barely misses you.
You chop something into pieces!!! Trog accepts your kill.
Reactivating autopickup.
You feel a bit more experienced. The basilisk gazes at you.
You easily resist.
The basilisk gazes at you.
You easily resist.
You closely miss the basilisk. The basilisk bites you!
You barely miss the basilisk. The basilisk gazes at you.
You are slowing down.
You hear some strange, mumbled words.
The basilisk bites you but does no damage.
You slice the basilisk!!
The basilisk is severely wounded.
The basilisk bites you but does no damage.
The basilisk gazes at you.
Your limbs have turned to stone.
You have turned to stone.
The basilisk bites you but does no damage. x2
The basilisk bites you.
The basilisk bites you but does no damage. x3
The basilisk bites you! The basilisk gazes at you.
The basilisk completely misses you.
You turn to flesh and can move again.
You slice the basilisk like a ripe choko!!!
You kill the basilisk!
Trog accepts your kill.
The centaur warrior wields a +0 shortbow.
The centaur warrior shoots an arrow.
The arrow hits you!
You hear some strange, mumbled words.
A fireball appears from out of thin air!
The fireball explodes!
Deactivating autopickup; reactivate with Ctrl-A.
The fireball engulfs you!! You resist.
* * * LOW HITPOINT WARNING * * *
The centaur warrior shoots an arrow.
The arrow hits you!
You die...

#..............###
#.........<.......
#.................
.......###.#####.#
.......#.....#$#
.......#.###.#.#
........)......#
.......#..##.#.#
.......#.)#@.#...
.......###)### #.#
.......#.{c#


$c$ .......#.#.. $$ ..........:#. .......# #...# .... ..# # ... #.# .. ... You
could see a centaur warrior.

Vanquished Creatures
  Gastronok (D:8)
  Snorg (Lair:3)
  2 boulder beetles (Lair:1)
  7 hydras
  2 centaur warriors
  A tengu warrior (D:8)
  A two-headed ogre (D:11)
  A goliath frog (Swamp:1)
  Pikel (D:8)
  A deep elf pyromancer (D:10)
  2 oklob plants (Lair:5)
  A will-o-the-wisp (Swamp:1)
  4 elephants
  A molten gargoyle (Volcano)
  A guardian serpent (Lair:1)
  A black mamba (Lair:3)
  10 cane toads
  Psyche (D:10)
  4 kobold demonologists (D:10)
  2 gargoyles (Volcano)
  2 rime drakes
  5 komodo dragons
  An unseen horror (D:11)
  2 trolls (D:10)
  7 blink frogs
  2 hornets
  Grinder (D:5)
  Prince Ribbit (Lair:2)
  Sigmund (D:5)
  3 wyverns
  A fire elemental (Volcano)
  Eustachio (D:5)
  5 basilisks
  30 yaks
  Grum (D:8)
  3 fire bats (Lair:5)
  2 steam dragons
  5 vampire mosquitoes (Lair:2)
  4 nagas (Lair:2)
  2 acid dragons (D:10)
  12 water moccasins
  An ice beast (D:6)
  2 orc warriors
  A sky beast (D:8)
  2 ogres
  2 black bears
  A necrophage (D:5)
  The ghost of weresquid the Slasher, an amateur MiGl (D:3)
  17 wolves
  5 centaurs
  2 lemures (D:8)
  Blork the orc (D:5)
  3 kobold brigands
  2 gnoll sergeants
  13 bullfrogs
  3 scorpions
  A wyvern zombie (D:9)
  3 killer bees (D:10)
  An electric eel (Lair:2)
  6 howler monkeys
  A centaur zombie (D:8)
  3 hounds
  5 jellies
  2 orc priests
  An iguana (D:5)
  A scorpion zombie (D:5)
  10 orc wizards
  A hound zombie (D:5)
  A howler monkey skeleton (D:6)
  Robin (D:2)
  8 gnolls
  A howler monkey zombie (D:9)
  6 adders
  A shadow imp (D:7)
  A white imp (D:7)
  An ufetubus (D:5)
  An adder skeleton (D:5)
  3 dart slugs
  21 orcs
  10 bats
  4 endoplasms
  13 goblins
  5 hobgoblins
  4 jackals (D:1)
  6 quokkas
  6 ball pythons
  A frilled lizard (D:3)
  25 kobolds
  5 rats
351 creatures vanquished.

Vanquished Creatures (collateral kills)
  3 kobolds (D:10)
3 creatures vanquished.

Vanquished Creatures (others)
  A kobold (D:10)
  14 fungi
  17 plants
32 creatures vanquished.

Grand Total: 386 creatures vanquished

Notes
Turn   | Place    | Note
-------+----------+-------------------------------------------
     0 | D:1      | Leibowitz the Merfolk Berserker began the quest for the
                  | Orb.
     0 | D:1      | Reached XP level 1. HP: 18/18 MP: 1/1
    22 | D:1      | Found a faded altar of an unknown god.
   229 | D:1      | Reached XP level 2. HP: 22/24 MP: 2/2
   495 | D:1      | Reached skill level 5 in Polearms
   814 | D:1      | Reached XP level 3. HP: 30/30 MP: 3/3
   914 | D:2      | Noticed Robin
   922 | D:2      | Killed Robin
   925 | D:2      | Reached ** piety under Trog
  1217 | D:2      | Reached XP level 4. HP: 37/37 MP: 4/4
  1515 | D:2      | Found Layvist's General Store.
  1738 | D:3      | Found a runed translucent gate.
  1738 | D:3      | Found a runed translucent gate.
  1738 | D:3      | Found a runed translucent gate.
  1738 | D:3      | Found an opulent altar of Gozag.
  1739 | D:3      | Noticed weresquid's ghost (amateur MiGl)
  1749 | D:3      | Reached skill level 6 in Polearms
  2232 | D:3      | Reached XP level 5. HP: 40/42 MP: 5/5
  3021 | D:4      | Noticed a black bear
  3035 | D:4      | Killed a black bear
  3036 | D:4      | Reached skill level 7 in Polearms
  3036 | D:4      | Reached XP level 6. HP: 7/49 MP: 6/6
  3289 | D:4      | Reached *** piety under Trog
  4010 | D:5      | Entered Level 5 of the Dungeon
  4081 | D:5      | Found an iron altar of Okawaru.
  4081 | D:5      | Found a shimmering altar of Xom.
  4137 | D:5      | Reached skill level 8 in Polearms
  4144 | D:5      | Noticed a necrophage
  4169 | D:5      | Killed a necrophage
  4170 | D:5      | Reached XP level 7. HP: 29/55 MP: 7/7
  4382 | D:5      | Noticed Sigmund
  4387 | D:5      | You fall into a shaft and drop 1 floor!
  4392 | D:6      | Reached skill level 5 in Fighting
  4442 | D:6      | Reached skill level 5 in Dodging
  4455 | D:6      | Found a staircase to the Ecumenical Temple.
  4568 | D:6      | Reached skill level 9 in Polearms
  4741 | D:6      | Reached XP level 8. HP: 29/63 MP: 8/8
  4925 | D:6      | Found a glowing golden altar of the Shining One.
  4937 | D:6      | Reached skill level 10 in Polearms
  5533 | D:5      | Noticed Eustachio
  5744 | D:5      | Noticed Blork the orc
  5761 | D:5      | Killed Blork the orc
  5895 | D:5      | Killed Sigmund
  5896 | D:5      | Reached skill level 11 in Polearms
  5959 | D:5      | Noticed Grinder
  5971 | D:5      | Paralysed by Grinder for 6 turns
  5978 | D:5      | Paralysed by Grinder for 4 turns
  5990 | D:5      | Killed Grinder
  6172 | D:5      | Killed Eustachio
  6173 | D:5      | Reached skill level 12 in Polearms
  6173 | D:5      | Reached XP level 9. HP: 71/71 MP: 9/9
  6283 | D:7      | Reached **** piety under Trog
  6593 | D:7      | Noticed a hornet
  6610 | D:7      | Paralysed by a hornet for 2 turns
  6614 | D:7      | Killed a hornet
  6835 | D:7      | Identified the +6 dagger "Sunloul" {drain, *Noise Dex+2
                  | Stlth+}
  7380 | Temple   | Entered the Ecumenical Temple
  7459 | D:8      | Noticed a tengu warrior
  7478 | D:8      | Killed a tengu warrior
  7479 | D:8      | Reached skill level 13 in Polearms
  7492 | D:8      | Noticed Pikel
  7536 | D:8      | Killed Pikel
  7537 | D:8      | Reached skill level 14 in Polearms
  7537 | D:8      | Reached XP level 10. HP: 80/80 MP: 10/10
  7760 | D:8      | Noticed Gastronok
  7819 | D:8      | Killed Gastronok
  7904 | D:8      | Noticed Grum
  7929 | D:8      | Killed Grum
  7930 | D:8      | Reached skill level 15 in Polearms
  7982 | D:8      | Paralysed by a hornet for 2 turns
  8279 | D:8      | Found a shimmering blue altar of Sif Muna.
  8493 | D:9      | Found a sparkling altar of Nemelex Xobeh.
  8625 | D:9      | Reached XP level 11. HP: 89/90 MP: 11/11
  8649 | D:9      | Reached skill level 10 in Dodging
  8744 | D:9      | Found a staircase to the Lair.
  9088 | D:9      | Reached ***** piety under Trog
  9089 | D:9      | Reached skill level 10 in Fighting
  9389 | Lair:1   | Entered Level 1 of the Lair of Beasts
  9685 | Lair:1   | Reached skill level 16 in Polearms
  9998 | Lair:1   | Noticed a boulder beetle
 10023 | Lair:1   | Killed a boulder beetle
 10168 | Lair:1   | Noticed a boulder beetle
 10174 | Lair:1   | Found the +3 pair of seven-league boots {Rampage+∞}
 10194 | Lair:1   | Killed a boulder beetle
 10196 | Lair:1   | HP: 2/138 [water moccasin (7)]
 10202 | Lair:1   | HP: 4/92 [poisoned by a guardian serpent (bolt of poison)]
 10573 | Lair:2   | Noticed Prince Ribbit
 10579 | Lair:2   | Killed Prince Ribbit
 10722 | Lair:2   | Found a staircase to the Snake Pit.
 10911 | Lair:2   | Noticed a five-headed hydra
 10988 | Lair:2   | Reached XP level 12. HP: 94/100 MP: 12/12
 11099 | Lair:2   | Found a staircase to the Swamp.
 11166 | Lair:2   | Received a gift from Trog
 11424 | Lair:2   | Killed a five-headed hydra
 11425 | Lair:2   | Reached skill level 17 in Polearms
 11506 | Lair:2   | Noticed a four-headed hydra
 11523 | Lair:2   | Killed a four-headed hydra
 12134 | Snake:1  | Entered Level 1 of the Snake Pit
 12134 | Snake:1  | Noticed a naga sharpshooter
 12168 | Swamp:1  | Entered Level 1 of the Swamp
 12287 | Lair:3   | Found a burning altar of Makhleb.
 12346 | Lair:3   | Gained mutation: You are frail. (-10% HP) [potion of
                  | mutation]
 12346 | Lair:3   | Gained mutation: Your flesh is cold resistant. (rC+)
                  | [potion of mutation]
 12346 | Lair:3   | Gained mutation: You do not regenerate when monsters are
                  | visible. [potion of mutation]
 12346 | Lair:3   | Gained mutation: You possess an exceptional clarity of
                  | mind. [potion of mutation]
 12380 | Lair:3   | Noticed Snorg
 12384 | Lair:3   | Killed Snorg
 12399 | Lair:3   | Reached skill level 18 in Polearms
 13127 | Lair:3   | You fall into a shaft and drop 2 floors!
 13127 | Lair:5   | Noticed an eight-headed hydra
 13136 | Lair:5   | Killed an eight-headed hydra
 13167 | Lair:5   | Reached XP level 13. HP: 55/98 MP: 13/13
 13313 | Lair:5   | Found a transporter.
 13335 | Lair:5   | Found a dark tunnel.
 13347 | Lair:5   | Reached skill level 1 in Shields
 13368 | Volcano  | Entered a volcano
 13547 | Volcano  | Reached skill level 19 in Polearms
 13638 | Lair:5   | Noticed Plazmod's ghost (journeyman DECj)
 13782 | Lair:5   | Found a transporter.
 14204 | Lair:5   | Identified a scroll of acquirement
 14204 | Lair:5   | Acquired 820 gold pieces
 15548 | Lair:4   | Identified the +4 helmet "Tuos" {Str+4 Int+3}
 16538 | D:3      | Killed weresquid's ghost
 16785 | D:10     | Entered Level 10 of the Dungeon
 16856 | D:10     | Reached skill level 5 in Armour
 16878 | D:10     | Reached skill level 20 in Polearms
 17184 | D:10     | Found an ancient bone altar of Kikubaaqudgha.
 17222 | D:10     | Noticed Psyche
 17225 | D:10     | Paralysed by Psyche for 6 turns
 17235 | D:10     | Killed Psyche
 17425 | D:10     | Identified the +8 war axe of Usieke {speed, Will+}
 17622 | D:10     | Found a shadowy altar of Dithmenos.
 17872 | D:11     | Reached XP level 14. HP: 92/106 MP: 14/14
 17907 | D:11     | Shot with an arrow by a centaur warrior

Illustrated notes

Levels and vault maps discovered:
D:1:      pf_arrival_petrified_forest, layout_basic,
          shapermc_ecumenical_altar_flowoftime
D:2:      layout_loops_ring, serial_shops, shop, chequers_jeans,
          grunt_ministairs_8, uniq_robin
D:3:      layout_loops_corners, ebering_ghost_gozag
D:4:      layout_loops_cross, chequers_garden
D:5:      layout_basic, gammafunk_temple_overflow_wave, uniq_grinder,
          uniq_blork_the_orc, uniq_sigmund, uniq_eustachio
D:6:      layout_cave_pods, tso_metal_star, minmay_temple_entry_butterflies
D:7:      layout_basic, serial_corexii_hall, chequers_hall_statues_corner_a,
          corexii_hall_statues_l, corexii_hall_statues_l,
          chequers_hall_statues_y
D:8:      layout_rooms, mainiacjoe_overflow_brackets, serial_corexii_hall,
          chequers_hall_statues_y, corexii_hall_statues_x,
          corexii_hall_statues_u, chequers_hall_statues_y, st_stairs_12,
          uniq_gastronok, uniq_grum, uniq_pikel
D:9:      layout_cave_pods, nemelex_diamond_rough_becter, lair_entry_dummy
D:10:     layout_irregular_city, mainiacjoe_overflow_chevrons,
          mainiacjoe_overflow_six_doors_small, grunt_potential, uniq_psyche
D:11:     minmay_the_grid_square_5x5_5x5
          [minmay_the_grid_square_5x5_broken_cross,
          minmay_the_grid_square_5x5_inset, minmay_the_grid_square_5x5_spiral,
          minmay_the_grid_square_5x5_slash,
          minmay_the_grid_square_5x5_misaligned,
          minmay_the_grid_square_5x5_comb,
          minmay_the_grid_square_5x5_prize_pseudospiral,
          minmay_the_grid_square_5x5_dogpile,
          minmay_the_grid_square_5x5_prize_junk, minmay_the_grid_square_5x5_meh,
          minmay_the_grid_square_5x5_two_walls_a,
          minmay_the_grid_square_5x5_moneybag,
          minmay_the_grid_square_5x5_prize_rear_guard,
          minmay_the_grid_square_5x5_almost_minimal,
          minmay_the_grid_square_5x5_three,
          minmay_the_grid_square_5x5_six_small,
          minmay_the_grid_square_5x5_prize_open,
          minmay_the_grid_square_5x5_fat_x,
          minmay_the_grid_square_5x5_prize_gold,
          minmay_the_grid_square_5x5_checkered_sparse,
          minmay_the_grid_square_5x5_percent, minmay_the_grid_square_5x5_c,
          minmay_the_grid_square_5x5_minimal, minmay_the_grid_square_5x5_two,
          minmay_the_grid_square_5x5_trominoes], layout_irregular_city
Temple:   eino_wide_crystal_templ
Lair:1:   layout_regular_city, hellmonk_guarded_unrand_seven_league_boots
Lair:2:   layout_loops_ring, minmay_swamp_entry_swarm,
          guppyfry_snake_entry_island, uniq_prince_ribbit2
Lair:3:   layout_regular_city, basic_altar, serial_bayou_shore_a, uniq_snorg
Lair:4:   layout_hall_layers
Lair:5:   layout_loops_ring, nicolae_volcano_entry_batcave,
          gammafunk_ghost_berserking_beasts, grunt_forest_small_clearings,
          beast_lair_carwin_11, minmay_lair_oklob_chamber
Swamp:1:  layout_basic_swamp, hangedman_swamp_diagram, swamp_pool3,
          grunt_witch_cave, infiniplex_staircase_pool_2, uniq_aizul
Snake:1:  layout_misc_corridors, ebering_ghost_disaster_area, grunt_megastairs_5

Skill      XL: |  1  2  3  4  5  6  7  8  9 10 11 12 13 |
---------------+----------------------------------------+-----
Polearms       | 5 6 7 8 9 12 14 15 16 18 20 | 20.5
Dodging        | 3 4 5 6 8 9 11 13 14 | 14.1
Fighting       | 4 5 6 8 9 11 12 13 | 13.7
Armour         | 2 3 4 5 |  5.1
Shields        | 2 |  2.4

Action                   |  1- 3 |  4- 6 |  7- 9 | 10-12 | 13-15 || total
-------------------------+-------+-------+-------+-------+-------++-------
Melee: Spear             |   109 |   131 |       |       |       ||   240
       Trident           |       |    32 |   188 |   476 |    45 ||   741
       Tailslap          |       |       |       |    18 |       ||    18
       Bardiche          |       |       |       |   100 |   285 ||   385
Invok: Berserk           |     1 |     1 |     5 |     6 |     4 ||    17
       Trog's Hand       |       |       |       |     2 |     1 ||     3
       Brothers in Arms  |       |       |       |     1 |     1 ||     2
Evoke: Wand              |       |       |       |       |     1 ||     1
       Condenser vane    |       |       |       |       |     1 ||     1
  Use: Potion            |       |       |       |    15 |     1 ||    16
       Scroll            |       |       |       |     2 |    11 ||    13
 Stab: Sleeping          |       |     2 |     1 |       |       ||     3
Armor: Animal skin       |    18 |       |       |       |       ||    18
       Leather armour    |     8 |    45 |    59 |   103 |    15 ||   230
       Ring mail         |       |       |       |       |   121 ||   121
Dodge: Dodged            |    77 |    63 |   129 |   521 |   384 ||  1174
Block: Other             |       |       |       |    35 |   101 ||   136
       Reflection        |       |       |       |       |     4 ||     4
